 Dungeon Crawl Stone Soup version 0.31.0-32-g396128a36d (webtiles) character file.

Game seed: 17134730821328438366

5817 Burzz the Cleaver (level 10, -4/92 HPs)
             Began as a Minotaur Fighter on Apr 1, 2024.
             Was a Follower of Okawaru.
             Slain by a cane toad (9 damage)
             ... on level 1 of the Lair of Beasts on Apr 5, 2024.
             The game lasted 00:24:48 (10948 turns).

Burzz the Cleaver (Minotaur Fighter)               Turns: 10948, Time: 00:24:49

Health: -4/92      AC:  8    Str: 23    XL:     10   Next: 51%
Magic:  9/9        EV:  8    Int:  7    God:    Okawaru [*.....]
Gold:   488        SH: 14    Dex: 10    Spells: 9/9 levels left

rFire   . . .        a - +1 war axe
rCold   . . .        P - +0 tower shield
rNeg    . . .        H - +2 ring mail of an ice cave {^Drain +Inv rElec Will+++}
rPois   +            (helmet restricted)
rElec   +            (no cloak)
rCorr   .            l - +0 pair of gloves
SInv    +            (no boots)
Will    +++..        o - amulet of regeneration Stlth
                     K - ring of poison resistance
HPRegen 1.15/turn    z - ring of see invisible
MPRegen 0.11/turn

%: no passive effects
@: lethally poisoned (-4 -> -9), hasted, studying Maces & Flails, very quick
A: horns 2, retaliatory headbutt
a: Renounce Religion, Evoke Invisibility, Heroism


You were on level 1 of the Lair of Beasts.
You worshipped Okawaru.
Okawaru was aware of your devotion.
You visited 3 branches of the dungeon, and saw 11 of its levels.

You collected 488 gold pieces.

Inventory:

Hand Weapons
 a - a +1 war axe (weapon)
 s - a +0 sling
 G - a +3 hand axe
 T - a +2 quarterstaff of speed
Missiles
 e - 78 stones (quivered)
 q - 22 poisoned darts
 u - 7 javelins
 J - 5 boomerangs
 N - 2 throwing nets
Armour
 b - a +0 scale mail
 c - a +0 buckler
 l - a +0 pair of gloves (worn)
 C - a +4 ring mail of poison resistance
 H - the +2 ring mail of an ice cave (worn) {^Drain +Inv rElec Will+++}
   (You took it off an orc on level 5 of the Dungeon)

   rElec:     It insulates you from electricity.
   Will+++:   It greatly increases your willpower.
   +Inv:      It lets you turn invisible.
   ^Drain:    It drains your maximum health when unequipped.
 L - a +0 plate armour
 P - a +0 tower shield (worn)
Jewellery
 o - an amulet of regeneration (around neck)
 v - a ring of willpower
 z - a ring of see invisible (right hand)
 K - a ring of poison resistance (left hand)
 S - a ring of magical power
Wands
 m - a wand of iceblast (5)
 t - a wand of quicksilver (14)
 w - a wand of mindburst (12)
 y - a wand of flame (31)
 E - a wand of charming (19)
 R - a wand of digging (6)
Scrolls
 f - 2 scrolls of fear
 g - a scroll of blinking
 i - 3 scrolls of teleportation
 j - 2 scrolls of vulnerability
 r - a scroll of revelation
 B - 3 scrolls of enchant armour {unknown}
 F - a scroll of amnesia
 M - a scroll of enchant weapon
 O - 3 scrolls of identify
 Q - a scroll of brand weapon {unknown}
Potions
 d - 3 potions of might
 h - 2 potions of resistance {unknown}
 k - 2 potions of invisibility
 n - 2 potions of attraction
 p - 2 potions of berserk rage
 x - a potion of lignification {unknown}
 A - a potion of enlightenment {unknown}
 D - a potion of haste
 I - a potion of curing {unknown}
 U - a potion of brilliance {unknown}


   Skills:
 - Level 9.7 Fighting
 + Level 12.1(13.9) Axes
 - Level 11.1(13.3) Maces & Flails
 - Level 3.6 Armour
 * Level 8.3 Shields
 - Level 3.0 Evocations


You had 9 spell levels left.
You didn't know any spells.
Your spell library contained the following spells:

 Spells                   Type           Power      Damage    Failure   Level
 Sandblast                Erth           0%         2d4       97%         1
 Hailstorm                Conj/Ice       0%         3d5       100%        3
 Ozocubu's Armour         Ice            0%         N/A       100%        3
 Manifold Assault         Tloc           0%         N/A       100%        4
 Passage of Golubria      Tloc           0%         N/A       100%        4
 Metabolic Englaciation   Hex/Ice        0%         N/A       100%        5
 Yara's Violent Unravell  Hex/Alch       0%         3d3       100%        5
 Dispersal                Tloc           0%         N/A       100%        6
 Ozocubu's Refrigeration  Ice            0%         4d7       100%        7
 Disjunction              Tloc           0%         N/A       100%        8
 Summon Ice Beast         Ice/Summ       Unusable   N/A       N/A         3
 Tukima's Dance           Hex            Unusable   N/A       N/A         3
 Sculpt Simulacrum        Ice/Alch       Unusable   N/A       N/A         6
 Malign Gateway           Summ/Tloc      Unusable   N/A       N/A         7

Dungeon Overview and Level Annotations

Branches:
Dungeon (9/15)             Temple (1/1) D:6            Lair (1/5) D:8
    Orc: D:9-12

Altars:
Ashenzari
Cheibriados
Elyvilon
Hepliaklqana
Kikubaaqudgha
Makhleb
Nemelex Xobeh
Okawaru
Qazlal
Ru
Sif Muna
Trog
Uskayaw
Vehumet
Wu Jian
Xom
Yredelemnul
Zin

Shops:
D:4 (   D:8 !


Innate Abilities, Weirdness & Mutations

You have a pair of horns on your head.
You reflexively headbutt those who attack you in melee.


Message History

You closely miss the cane toad. Your headbutt misses the cane toad.
You feel very sick. The cane toad barely misses you.
You hit the cane toad but do no damage.
You feel very sick. You block the cane toad's attack.
You hit the cane toad but do no damage.
You feel sick. You block the cane toad's attack. The cane toad misses you.
You closely miss the cane toad.
You headbutt the cane toad, but do no damage.
You feel sick. You block the cane toad's attack.
You slash the cane toad! You headbutt the cane toad!
The cane toad is heavily wounded.
You feel sick. The cane toad stings you!
You barely miss the cane toad.
You headbutt the cane toad, but do no damage.
The cane toad is heavily wounded.
You feel sick. The cane toad stings you!
You are more poisoned.
The cane toad poisons you!
You are too injured to fight recklessly!
You are too injured to fight recklessly!
You are too injured to fight recklessly!
You are too injured to fight recklessly!
You are too injured to fight recklessly!
You closely miss the cane toad.
The cane toad is heavily wounded.
You feel very sick. The cane toad stings you!! x2
* * * LOW HITPOINT WARNING * * *
You slash the cane toad! Your headbutt misses the cane toad.
The cane toad is almost dead.
* * * LOW HITPOINT WARNING * * *
You feel very sick. You block the cane toad's attack.
You feel yourself speed up.
* * * LOW HITPOINT WARNING * * *
You feel very sick. The cane toad stings you!
You die...

#.....†...........
#...............~.
#.........~~~~~~~.
#......##..≈~≈~≈~~
#.....###~~~≈~~~~~
#.##.## #.~≈≈~..~~
#.##.# ##~≈≈~.>.~~
#.##.###..~≈~.~.~~
#@##.P###.~≈≈~≈≈≈≈
#F##.......~≈≈≈≈≈≈
#.####.....~~~~~~~
#.# #†##...~.~~..
... #..##########
.(# #.## #.# #.#
#.# #.# #.#


You could see a cane toad.

Vanquished Creatures
  A deep elf pyromancer (D:8)
  Grinder (D:5)
  A hornet (D:7)
  3 vampires (D:8)
  A fire bat (D:8)
  A basilisk (Lair:1)
  3 steam dragons
  2 water moccasins (Lair:1)
  A sky beast (D:6)
  2 orc warriors
  4 ice beasts
  A black bear (D:5)
  3 ogres
  2 centaurs
  6 bullfrogs
  A gnoll sergeant (D:8)
  5 scorpions
  5 wights (D:5)
  6 killer bees
  A bombardier beetle (D:5)
  A gnoll bouda (D:6)
  3 jellies
  5 orc priests
  5 hounds
  4 sleepcaps
  Ijyb (D:3)
  2 iguanas
  Natasha (twice) (D:2)
  8 orc wizards
  7 adders
  17 gnolls
  A white imp (D:6)
  2 ufetubi (D:5)
  A ribbon worm (D:2)
  6 dart slugs
  16 orcs
  6 endoplasms
  3 giant cockroaches
  7 hobgoblins
  10 jackals
  7 quokkas
  10 ball pythons
  9 bats
  2 frilled lizards (D:1)
  9 goblins
  7 kobolds
  8 rats
209 creatures vanquished.

Notes
Turn   | Place    | Note
-------+----------+-------------------------------------------
     0 | D:1      | Burzz the Minotaur Fighter began the quest for the Orb.
     0 | D:1      | Reached XP level 1. HP: 19/19 MP: 0/0
   181 | D:1      | Reached XP level 2. HP: 27/27 MP: 1/1
   186 | D:1      | Reached skill level 3 in Axes
   439 | D:1      | Reached XP level 3. HP: 28/34 MP: 2/2
  1188 | D:2      | Reached skill level 4 in Axes
  1190 | D:2      | Reached XP level 4. HP: 20/41 MP: 3/3
  1191 | D:2      | HP: 2/41 [gnoll/+0 spear (5)]
  1194 | D:2      | Reached skill level 5 in Fighting
  1353 | D:2      | Found a faded altar of an unknown god.
  1450 | D:2      | Noticed Natasha
  1457 | D:2      | Killed Natasha
  1491 | D:2      | Noticed Natasha
  1499 | D:2      | Reached XP level 5. HP: 41/48 MP: 4/4
  1505 | D:2      | Killed Natasha
  1506 | D:2      | Reached skill level 5 in Axes
  2312 | D:3      | Noticed Ijyb
  2321 | D:3      | Killed Ijyb
  2716 | D:4      | Reached XP level 6. HP: 45/57 MP: 5/5
  2834 | D:4      | Reached skill level 6 in Axes
  3110 | D:4      | Noticed a steam dragon
  3119 | D:4      | Killed a steam dragon
  3120 | D:4      | Reached skill level 7 in Axes
  3366 | D:4      | Found Mulloesa's Weapon Shoppe.
  3397 | D:5      | Entered Level 5 of the Dungeon
  3411 | D:5      | Reached XP level 7. HP: 64/64 MP: 6/6
  3568 | D:5      | Reached skill level 5 in Maces & Flails
  3664 | D:5      | Identified the +2 ring mail of an ice cave {^Drain +Inv
                  | rElec Will+++}
  3669 | D:5      | Reached XP level 8. HP: 41/74 MP: 7/7
  3752 | D:5      | Noticed Grinder
  3773 | D:5      | Killed Grinder
  4009 | D:5      | Reached skill level 10 in Maces & Flails
  4485 | D:5      | Found a snail-covered altar of Cheibriados.
  4666 | D:6      | Found a staircase to the Ecumenical Temple.
  4675 | Temple   | Entered the Ecumenical Temple
  4923 | D:6      | Reached skill level 8 in Axes
  4949 | D:6      | Reached XP level 9. HP: 83/83 MP: 8/8
  5235 | D:6      | Found an ornate altar of the Wu Jian Council.
  5535 | D:6      | Reached skill level 9 in Axes
  5628 | D:6      | Found a broken altar of Ashenzari.
  5632 | D:6      | Saw a vision of the Swamp and the Spider Nest.
  5632 | D:6      | Noticed a torpor snail
  5632 | D:6      | Noticed a demonic crawler
  5632 | D:6      | Noticed a moth of wrath
  5632 | D:6      | Noticed a spriggan rider
  5632 | D:6      | Noticed a five-headed hydra
  5632 | D:6      | Noticed a six-headed hydra
  5632 | D:6      | Noticed a spark wasp
  5632 | D:6      | Noticed a demonic crawler
  5632 | D:6      | Noticed a radroach
  5632 | D:6      | Noticed a demonic crawler
  5632 | D:6      | Noticed an alligator
  5632 | D:6      | Noticed a meliai
  5632 | D:6      | Noticed an eleionoma
  5634 | D:6      | Noticed a demonic crawler
  8482 | D:7      | Found a stormy altar of Qazlal.
  8559 | D:7      | Reached skill level 1 in Evocations
  8800 | D:7      | Reached skill level 10 in Axes
  9136 | D:7      | Found a hazy altar of Hepliaklqana.
  9146 | D:7      | Found a sparkling altar of Nemelex Xobeh.
  9187 | D:7      | Reached skill level 11 in Axes
  9442 | D:7      | Found a radiant altar of Vehumet.
  9796 | D:7      | Reached skill level 5 in Shields
  9798 | D:7      | Reached XP level 10. HP: 36/92 MP: 9/9
 10071 | D:8      | Found a staircase to the Lair.
 10092 | D:8      | Found a burning altar of Makhleb.
 10138 | D:8      | Found an iron altar of Okawaru.
 10144 | D:8      | Became a worshipper of Warmaster Okawaru
 10228 | D:8      | Found a shimmering altar of Xom.
 10267 | D:8      | Found Qisi's Distillery.
 10346 | D:8      | Noticed a deep elf pyromancer
 10440 | D:8      | Killed a deep elf pyromancer
 10440 | D:8      | Reached * piety under Okawaru
 10627 | D:8      | Got the Meditations on Freezing
 10636 | D:8      | Got Ziroep's Codex of the Spatial Ground
 10747 | Lair:1   | Entered Level 1 of the Lair of Beasts
 10777 | Lair:1   | Reached skill level 12 in Axes
 10936 | Lair:1   | Noticed a cane toad
 10948 | Lair:1   | Slain by a cane toad

Illustrated notes

Levels and vault maps discovered:
D:1:      dpeg_arrival_ratfight, layout_basic
D:2:      layout_loops_ring, hellmonk_ecumenical_altar_arch_garden,
          dk_noncrumbling_2, kennysheep_generic_room_13, uniq_natasha
D:3:      layout_loops_cross, minmay_ruptured, uniq_ijyb
D:4:      layout_basic, nicolae_overflow_hidden_temple, serial_shops,
          nicolae_shop_back_alley_shop, serial_glass, glass_columns_c,
          glass_columns_b
D:5:      layout_layer_cave, marbit_many_paths, gup_sewer_entry_glass,
          uniq_grinder
D:6:      layout_basic, nicolae_wu_jian_immortal_techniques,
          grunt_ashenzari_visionary [grunt_ashenzari_visionary_swamp,
          grunt_ashenzari_visionary_spider], minmay_temple_entry_junction_2,
          billiards_dpeg
D:7:      layout_layer_cave, nicolae_qazlal_general_emergency,
          mainiacjoe_overflow_alcove_1, mainiacjoe_overflow_paths,
          overflow_temple_1_default, minmay_fractal_squares_5
D:8:      layout_cave_pools, old_standard_altar, okawaru_gym_becter,
          regret_index_xom_of_box, lair_entry_dummy, serial_shops, shop,
          serial_library_hellmonk_metal_room
D:9:      layout_irregular_city, nicolae_shop_firing_range
Temple:   pf_temple_reverse_labyrinth
Lair:1:   layout_loops_ring, infiniplex_staircase_pool_2, uniq_nergalle

Skill      XL: |  1  2  3  4  5  6  7  8  9 10 |
---------------+-------------------------------+-----
Fighting       | 4 5 6 7 9 |  9.7
Axes           | 3 4 5 7 8 11 12 | 12.1
Maces & Flails | 2 7 11 | 11.1
Evocations     | 3 |  3.0
Shields        | 5 8 |  8.3
Armour         | |  3.6

Action                     |  1- 3 |  4- 6 |  7- 9 | 10-12 || total
---------------------------+-------+-------+-------+-------++-------
  Melee: War axe           |    75 |   116 |   281 |   115 ||   587
         Headbutt          |    10 |    14 |    46 |    21 ||    91
  Throw: Stone             |       |       |     1 |       ||     1
Ability: Evoke Invisibilit |       |       |       |     1 ||     1
    Use: Scroll            |       |       |    17 |       ||    17
         Potion            |       |       |       |     3 ||     3
 Armour: Scale mail        |    49 |    90 |    36 |       ||   175
         Ring mail         |       |       |   212 |    79 ||   291
  Dodge: Dodged            |    34 |    50 |   111 |    42 ||   237
  Block: Buckler           |    18 |    20 |    45 |       ||    83
         Tower shield      |       |       |    91 |    62 ||   153
